Map: Waterfall

Players

Asfrog

  • Race: Protoss Protoss
  • League: Silver
  • Spawn Location: 1:00

Asfrog

  • Race: Protoss Protoss
  • League: Silver
  • Spawn Location: 1:00

SJtinyhatsDC - Winner!

  • Race: Terran Terran
  • League: Silver
  • Spawn Location: 7:00

VOD

Have the link to the VOD?

Description

Time

  • Played on: Oct. 27, 2022, 11:49 p.m.
  • Length: 32:33
Show
View Real Time Build Order
Export as new Build Order

Asfrog Protoss 

Build Orders: 1 Gate Expand 

Get SALT Encoding   

  12  0:01  Probe  
  13  0:13  Probe  
  14  0:18  Pylon  
  14  0:25  Probe  
  15  0:39  Probe  
  16  0:45  Gateway  
  16  1:16  Probe  
  16  1:18  Nexus  
  17  1:26  Assimilator  
  17  1:33  Cybernetics Core  
  17  1:34  Zealot  
  17  1:38  Probe  
  20  1:56  Probe  
  21  2:07  Warp Gate (Chrono Boost)  
  21  2:12  Gateway  
  22  2:15  Probe  
  22  2:21  Adept  
  22  2:26  Assimilator  
  24  2:33  Probe x2 (Chrono Boost)  
  26  2:47  Probe x2 (Chrono Boost)  
  28  2:58  Probe  
  28  2:59  Probe  
  30  3:10  Probe  
  30  3:11  Probe  
  32  3:20  Pylon  
  32  3:22  Probe  
  32  3:23  Probe  
  32  3:24  Gateway  
  34  3:37  Probe x2  
  36  3:48  Nexus  
  36  3:49  Probe x2  
  36  3:50  Stalker  
  36  3:52  Stalker  
  42  4:01  Probe x2  
  44  4:08  Pylon x2  
  44  4:13  Probe x2  
  46  4:23  Gateway  
  46  4:26  Gateway  
  44  4:32  Probe x2  
  44  4:36  Assimilator  
  44  4:38  Assimilator  
  46  4:44  Pylon, Probe  
  46  4:45  Probe  
  48  4:46  Pylon  
  48  4:49  Pylon  
  48  4:53  Stalker x2  
  52  5:02  Probe x3  
  55  5:16  Shield Battery  
  55  5:20  Stalker x3  
  61  5:28  Pylon  
  57  5:43  Robotics Facility  
  57  5:45  Gateway  
  57  5:51  Gateway  
  57  5:55  Forge  
  57  5:59  Forge  
  57  6:02  Pylon  
  57  6:04  Pylon, Probe x2 (Chrono Boost)  
  58  6:05  Probe (Chrono Boost)  
  60  6:12  Sentry  
  60  6:13  Sentry x2  
  60  6:14  Sentry  
  60  6:15  Probe x3 (Chrono Boost)  
  71  6:20  Probe x3 (Chrono Boost)  
  74  6:30  Protoss Ground Weapons Level 1 (Chrono Boost), Probe x3  
  77  6:33  Protoss Shields Level 1 (Chrono Boost)  
  77  6:52  Pylon  
  77  6:54  Pylon x2  
  77  6:55  Pylon  
  77  7:00  Twilight Council, Probe x3  
  80  7:12  Probe x3  
  80  7:15  Nexus  
  83  7:18  Pylon  
  83  7:22  Robotics Bay  
  83  7:23  Observer  
  84  7:33  Probe x3  
  84  7:34  Assimilator  
  84  7:36  Assimilator  
  87  7:44  Observer  
  87  7:45  Probe x3  
  87  7:49  Stalker x3  
  87  7:50  Stalker x2  
  101  8:06  Observer  
  102  8:18  Stalker x2  
  102  8:19  Stalker x4  
  114  8:27  Observer  
  114  8:28  Probe x4  
  114  8:33  Blink (Chrono Boost)  
  119  8:40  Probe x4  
  119  8:41  Templar Archives  
  123  8:42  Gateway  
  123  8:44  Gateway  
  123  8:45  Gateway  
  123  8:48  Gateway x2  
  123  8:50  Gateway  
  123  8:54  Pylon  
  123  8:56  Pylon  
  123  8:57  Pylon  
  123  8:59  Pylon  
  123  9:05  Pylon, Probe x4  
  123  9:08  Pylon  
  125  9:39  Stalker x7  
  125  9:40  Stalker  
  137  9:53  Observer  
  138  10:15  Observer  
  138  10:16  Nexus  
  138  10:18  Unknown  
  135  10:26  Charge  
  135  10:30  Stalker x6  
  135  10:31  Stalker x6  
  159  10:36  Observer  
  159  10:39  Protoss Ground Weapons Level 2  
  159  10:40  Protoss Shields Level 2, Gravitic Boosters (Chrono Boost)  
  160  10:51  Gateway  
  160  10:53  Gateway  
  160  10:54  Gateway  
  160  10:57  Observer  
  160  10:58  Gateway  
  160  11:00  Gateway  
  160  11:03  Gateway  
  161  11:08  Gateway  
  161  11:14  Forge  
  161  11:21  Stalker x3  
  161  11:22  Stalker x5  
  161  11:23  Stalker x4  
  185  11:29  Gravitic Drive  
  185  11:49  Pylon  
  185  11:50  Pylon  
  185  12:01  Pylon  
  185  12:02  Shield Battery, Photon Cannon  
  185  12:05  Probe x3, Assimilator, Photon Cannon  
  185  12:06  Resonating Glaives, Probe x2  
  185  12:07  Photon Cannon  
  190  12:09  Assimilator  
  175  12:34  Observer  
  173  12:40  Stalker x4  
  173  12:41  Stalker x5  
  173  12:42  Stalker x4  
  199  12:49  Observer  
  199  12:56  Observer  
  199  12:58  Shield Battery, Pylon  
  200  13:01  Shield Battery  
  200  13:02  Photon Cannon  
  200  13:04  Photon Cannon  
  200  13:05  Photon Cannon  
  200  13:07  Photon Cannon  
  200  13:08  Photon Cannon  
  200  13:12  Photon Cannon  
  198  13:38  Protoss Ground Weapons Level 3  
  198  13:39  Protoss Ground Armor Level 1, Protoss Shields Level 3  
  184  14:44  Stalker x4  
  184  14:45  Stalker x6  
  165  14:46  Stalker x5  
  165  14:47  Stalker x3  
  144  15:08  Stalker x4  
  144  15:09  Stalker x5  
  144  15:10  Stalker x6  
  144  15:11  Stalker x3  
  125  15:33  Stalker x6  
  125  15:34  Stalker x5  
  125  15:35  Stalker x4  
  119  15:36  Stalker x3  
  125  15:57  Pylon  
  125  15:58  Shield Battery  
  125  15:59  Shield Battery  
  125  16:01  Shield Battery, Photon Cannon  
  125  16:03  Photon Cannon  
  125  16:05  Photon Cannon  
  125  16:08  Photon Cannon  
  125  16:10  Photon Cannon  
  125  16:11  Pylon  
  125  16:14  Pylon  
  125  16:15  Photon Cannon  
  125  16:17  Photon Cannon  
  125  16:22  Photon Cannon  
  125  16:25  Pylon, Stalker x6  
  135  16:26  Pylon, Stalker x6  
  135  16:27  Stalker x5  
  135  16:28  Stalker  
  161  16:43  Observer  
  162  16:59  Nexus, Pylon  
  162  17:01  Pylon  
  162  17:05  Observer  
  162  17:06  Photon Cannon  
  162  17:07  Photon Cannon x2  
  163  17:09  Photon Cannon x2  
  163  17:10  Photon Cannon  
  163  17:17  Photon Cannon  
  163  17:19  Photon Cannon  
  163  17:20  Photon Cannon  
  163  17:21  Photon Cannon  
  163  17:24  Protoss Ground Armor Level 2  
  163  17:26  Observer  
  164  17:41  Photon Cannon x2  
  164  17:42  Photon Cannon  
  162  17:44  Photon Cannon  
  162  17:45  High Templar x5  
  162  17:46  High Templar x5, Photon Cannon  
  162  17:47  High Templar x6  
  162  17:48  High Templar x2, Observer  
  162  17:50  Archon x3  
  162  17:51  Archon x4  
  199  17:52  Archon  
  199  17:53  Archon  
  170  19:23  Stalker x6  
  170  19:24  Stalker x6  
  185  19:25  Stalker x2  
  193  19:31  Pylon  
  193  19:32  Pylon  
  192  19:46  Nexus  
  177  20:00  Observer  
  166  20:22  Observer  
  166  20:27  Stalker  
  166  20:28  Stalker x5  
  155  20:29  Stalker x2  
  161  20:43  Observer  
  161  20:45  Probe x4  
  166  20:55  Stalker x6  
  166  20:56  Stalker x6  
  166  20:57  Stalker x2, Probe x4  
  193  20:58  Stalker  
  200  21:53  Nexus  
  200  21:54  Pylon x2  
  164  22:18  Observer (Chrono Boost)  
  164  22:21  Zealot x7  
  164  22:22  Zealot x6  
  191  22:23  Zealot x2  
  174  22:38  Observer (Chrono Boost)  
  175  22:49  Probe x2  
  175  22:50  Probe x3  
  180  22:51  Observer  
  182  23:12  Observer  
  130  23:32  Stalker x6  
  130  23:33  Stalker x7  
  130  23:34  Stalker x2  
  153  23:56  Stalker x6  
  153  23:57  Stalker x6  
  153  23:58  Stalker x3  
  183  24:28  Stalker x2  
  183  24:29  Stalker x7  
  171  24:47  Stalker  
  171  24:48  Stalker x5  
  158  25:10  Assimilator  
  158  25:13  Assimilator  
  158  25:28  Assimilator  
  149  26:08  Probe x3  
  149  26:09  Probe x2  
  154  26:22  Observer x2  
  154  26:23  Assimilator  
  154  26:33  Probe x3  
  154  26:34  Probe  
  154  26:35  Probe x2  
  160  26:46  Observer  
  161  27:07  Observer  
  138  27:23  Stalker  
  138  27:24  Stalker x6  
  138  27:25  Stalker x5  
  138  27:26  Stalker x3  
  160  28:16  Probe x4  
  160  28:17  Probe x2  
  166  28:38  Nexus  
  166  28:51  Stalker x3  
  166  28:52  Stalker x2  
  166  28:53  Stalker x2  
  178  29:47  Stalker x4  
  178  29:48  Stalker x7  
  148  30:10  Stalker x5  
  142  30:15  Stalker x6  
  142  30:16  Stalker x4  
  153  30:37  Gateway  
  153  30:39  Gateway  
  153  30:41  Gateway, Stalker x4  
  153  30:42  Gateway, Stalker x2  
  165  30:43  Gateway  
  102  31:14  Stalker x2  
  102  31:15  Stalker  
  80  31:38  Stalker x4  
  80  31:39  Stalker x4  
Show
View Real Time Build Order
Export as new Build Order

Asfrog Protoss 

Build Orders: 1 Gate Expand 

Get SALT Encoding   

  12  0:01  Probe  
  13  0:13  Probe  
  14  0:18  Pylon  
  14  0:25  Probe  
  15  0:39  Probe  
  16  0:45  Gateway  
  16  1:16  Probe  
  16  1:18  Nexus  
  17  1:26  Assimilator  
  17  1:33  Cybernetics Core  
  17  1:34  Zealot  
  17  1:38  Probe  
  20  1:56  Probe  
  21  2:07  Warp Gate (Chrono Boost)  
  21  2:12  Gateway  
  22  2:15  Probe  
  22  2:21  Adept  
  22  2:26  Assimilator  
  24  2:33  Probe x2 (Chrono Boost)  
  26  2:47  Probe x2 (Chrono Boost)  
  28  2:58  Probe  
  28  2:59  Probe  
  30  3:10  Probe  
  30  3:11  Probe  
  32  3:20  Pylon  
  32  3:22  Probe  
  32  3:23  Probe  
  32  3:24  Gateway  
  34  3:37  Probe x2  
  36  3:48  Nexus  
  36  3:49  Probe x2  
  36  3:50  Stalker  
  36  3:52  Stalker  
  42  4:01  Probe x2  
  44  4:08  Pylon x2  
  44  4:13  Probe x2  
  46  4:23  Gateway  
  46  4:26  Gateway  
  44  4:32  Probe x2  
  44  4:36  Assimilator  
  44  4:38  Assimilator  
  46  4:44  Pylon, Probe  
  46  4:45  Probe  
  48  4:46  Pylon  
  48  4:49  Pylon  
  48  4:53  Stalker x2  
  52  5:02  Probe x3  
  55  5:16  Shield Battery  
  55  5:20  Stalker x3  
  61  5:28  Pylon  
  57  5:43  Robotics Facility  
  57  5:45  Gateway  
  57  5:51  Gateway  
  57  5:55  Forge  
  57  5:59  Forge  
  57  6:02  Pylon  
  57  6:04  Pylon, Probe x2 (Chrono Boost)  
  58  6:05  Probe (Chrono Boost)  
  60  6:12  Sentry  
  60  6:13  Sentry x2  
  60  6:14  Sentry  
  60  6:15  Probe x3 (Chrono Boost)  
  71  6:20  Probe x3 (Chrono Boost)  
  74  6:30  Protoss Ground Weapons Level 1 (Chrono Boost), Probe x3  
  77  6:33  Protoss Shields Level 1 (Chrono Boost)  
  77  6:52  Pylon  
  77  6:54  Pylon x2  
  77  6:55  Pylon  
  77  7:00  Twilight Council, Probe x3  
  80  7:12  Probe x3  
  80  7:15  Nexus  
  83  7:18  Pylon  
  83  7:22  Robotics Bay  
  83  7:23  Observer  
  84  7:33  Probe x3  
  84  7:34  Assimilator  
  84  7:36  Assimilator  
  87  7:44  Observer  
  87  7:45  Probe x3  
  87  7:49  Stalker x3  
  87  7:50  Stalker x2  
  101  8:06  Observer  
  102  8:18  Stalker x2  
  102  8:19  Stalker x4  
  114  8:27  Observer  
  114  8:28  Probe x4  
  114  8:33  Blink (Chrono Boost)  
  119  8:40  Probe x4  
  119  8:41  Templar Archives  
  123  8:42  Gateway  
  123  8:44  Gateway  
  123  8:45  Gateway  
  123  8:48  Gateway x2  
  123  8:50  Gateway  
  123  8:54  Pylon  
  123  8:56  Pylon  
  123  8:57  Pylon  
  123  8:59  Pylon  
  123  9:05  Pylon, Probe x4  
  123  9:08  Pylon  
  125  9:39  Stalker x7  
  125  9:40  Stalker  
  137  9:53  Observer  
  138  10:15  Observer  
  138  10:16  Nexus  
  138  10:18  Unknown  
  135  10:26  Charge  
  135  10:30  Stalker x6  
  135  10:31  Stalker x6  
  159  10:36  Observer  
  159  10:39  Protoss Ground Weapons Level 2  
  159  10:40  Protoss Shields Level 2, Gravitic Boosters (Chrono Boost)  
  160  10:51  Gateway  
  160  10:53  Gateway  
  160  10:54  Gateway  
  160  10:57  Observer  
  160  10:58  Gateway  
  160  11:00  Gateway  
  160  11:03  Gateway  
  161  11:08  Gateway  
  161  11:14  Forge  
  161  11:21  Stalker x3  
  161  11:22  Stalker x5  
  161  11:23  Stalker x4  
  185  11:29  Gravitic Drive  
  185  11:49  Pylon  
  185  11:50  Pylon  
  185  12:01  Pylon  
  185  12:02  Shield Battery, Photon Cannon  
  185  12:05  Probe x3, Assimilator, Photon Cannon  
  185  12:06  Resonating Glaives, Probe x2  
  185  12:07  Photon Cannon  
  190  12:09  Assimilator  
  175  12:34  Observer  
  173  12:40  Stalker x4  
  173  12:41  Stalker x5  
  173  12:42  Stalker x4  
  199  12:49  Observer  
  199  12:56  Observer  
  199  12:58  Shield Battery, Pylon  
  200  13:01  Shield Battery  
  200  13:02  Photon Cannon  
  200  13:04  Photon Cannon  
  200  13:05  Photon Cannon  
  200  13:07  Photon Cannon  
  200  13:08  Photon Cannon  
  200  13:12  Photon Cannon  
  198  13:38  Protoss Ground Weapons Level 3  
  198  13:39  Protoss Ground Armor Level 1, Protoss Shields Level 3  
  184  14:44  Stalker x4  
  184  14:45  Stalker x6  
  165  14:46  Stalker x5  
  165  14:47  Stalker x3  
  144  15:08  Stalker x4  
  144  15:09  Stalker x5  
  144  15:10  Stalker x6  
  144  15:11  Stalker x3  
  125  15:33  Stalker x6  
  125  15:34  Stalker x5  
  125  15:35  Stalker x4  
  119  15:36  Stalker x3  
  125  15:57  Pylon  
  125  15:58  Shield Battery  
  125  15:59  Shield Battery  
  125  16:01  Shield Battery, Photon Cannon  
  125  16:03  Photon Cannon  
  125  16:05  Photon Cannon  
  125  16:08  Photon Cannon  
  125  16:10  Photon Cannon  
  125  16:11  Pylon  
  125  16:14  Pylon  
  125  16:15  Photon Cannon  
  125  16:17  Photon Cannon  
  125  16:22  Photon Cannon  
  125  16:25  Pylon, Stalker x6  
  135  16:26  Pylon, Stalker x6  
  135  16:27  Stalker x5  
  135  16:28  Stalker  
  161  16:43  Observer  
  162  16:59  Nexus, Pylon  
  162  17:01  Pylon  
  162  17:05  Observer  
  162  17:06  Photon Cannon  
  162  17:07  Photon Cannon x2  
  163  17:09  Photon Cannon x2  
  163  17:10  Photon Cannon  
  163  17:17  Photon Cannon  
  163  17:19  Photon Cannon  
  163  17:20  Photon Cannon  
  163  17:21  Photon Cannon  
  163  17:24  Protoss Ground Armor Level 2  
  163  17:26  Observer  
  164  17:41  Photon Cannon x2  
  164  17:42  Photon Cannon  
  162  17:44  Photon Cannon  
  162  17:45  High Templar x5  
  162  17:46  High Templar x5, Photon Cannon  
  162  17:47  High Templar x6  
  162  17:48  High Templar x2, Observer  
  162  17:50  Archon x3  
  162  17:51  Archon x4  
  199  17:52  Archon  
  199  17:53  Archon  
  170  19:23  Stalker x6  
  170  19:24  Stalker x6  
  185  19:25  Stalker x2  
  193  19:31  Pylon  
  193  19:32  Pylon  
  192  19:46  Nexus  
  177  20:00  Observer  
  166  20:22  Observer  
  166  20:27  Stalker  
  166  20:28  Stalker x5  
  155  20:29  Stalker x2  
  161  20:43  Observer  
  161  20:45  Probe x4  
  166  20:55  Stalker x6  
  166  20:56  Stalker x6  
  166  20:57  Stalker x2, Probe x4  
  193  20:58  Stalker  
  200  21:53  Nexus  
  200  21:54  Pylon x2  
  164  22:18  Observer (Chrono Boost)  
  164  22:21  Zealot x7  
  164  22:22  Zealot x6  
  191  22:23  Zealot x2  
  174  22:38  Observer (Chrono Boost)  
  175  22:49  Probe x2  
  175  22:50  Probe x3  
  180  22:51  Observer  
  182  23:12  Observer  
  130  23:32  Stalker x6  
  130  23:33  Stalker x7  
  130  23:34  Stalker x2  
  153  23:56  Stalker x6  
  153  23:57  Stalker x6  
  153  23:58  Stalker x3  
  183  24:28  Stalker x2  
  183  24:29  Stalker x7  
  171  24:47  Stalker  
  171  24:48  Stalker x5  
  158  25:10  Assimilator  
  158  25:13  Assimilator  
  158  25:28  Assimilator  
  149  26:08  Probe x3  
  149  26:09  Probe x2  
  154  26:22  Observer x2  
  154  26:23  Assimilator  
  154  26:33  Probe x3  
  154  26:34  Probe  
  154  26:35  Probe x2  
  160  26:46  Observer  
  161  27:07  Observer  
  138  27:23  Stalker  
  138  27:24  Stalker x6  
  138  27:25  Stalker x5  
  138  27:26  Stalker x3  
  160  28:16  Probe x4  
  160  28:17  Probe x2  
  166  28:38  Nexus  
  166  28:51  Stalker x3  
  166  28:52  Stalker x2  
  166  28:53  Stalker x2  
  178  29:47  Stalker x4  
  178  29:48  Stalker x7  
  148  30:10  Stalker x5  
  142  30:15  Stalker x6  
  142  30:16  Stalker x4  
  153  30:37  Gateway  
  153  30:39  Gateway  
  153  30:41  Gateway, Stalker x4  
  153  30:42  Gateway, Stalker x2  
  165  30:43  Gateway  
  102  31:14  Stalker x2  
  102  31:15  Stalker  
  80  31:38  Stalker x4  
  80  31:39  Stalker x4  
Show
View Real Time Build Order
Export as new Build Order

SJtinyhatsDC Terran - Winner!

Build Orders: 2 Factory, Mech 

Get SALT Encoding   

  12  0:01  SCV  
  13  0:13  Supply Depot  
  13  0:18  SCV  
  14  0:30  SCV  
  15  0:37  Barracks  
  15  0:42  SCV  
  16  0:47  Refinery  
  16  0:54  SCV  
  17  1:06  SCV  
  18  1:18  SCV  
  18  1:24  Marine  
  20  1:27  Supply Depot  
  20  1:30  SCV  
  21  1:42  SCV  
  22  1:49  Factory  
  22  1:55  Orbital Command  
  22  2:08  Command Center  
  22  2:15  Marine  
  23  2:28  SCV  
  24  2:33  Marine, Refinery  
  24  2:40  SCV  
  24  2:42  Factory Reactor  
  25  2:51  Engineering Bay  
  25  2:52  SCV  
  26  3:04  SCV  
  27  3:05  Factory  
  27  3:17  SCV  
  28  3:22  Widow Mine  
  28  3:23  Widow Mine  
  32  3:29  SCV  
  32  3:33  Orbital Command  
  33  3:41  SCV  
  33  3:44  Widow Mine  
  36  3:50  Factory Reactor  
  36  3:53  SCV  
  37  3:58  Factory  
  37  4:06  SCV x2  
  39  4:18  SCV x2, Supply Depot  
  39  4:20  Widow Mine  
  39  4:21  Widow Mine  
  45  4:26  Marine  
  45  4:30  SCV x2  
  50  4:31  Widow Mine  
  50  4:32  Widow Mine  
  52  4:41  Supply Depot  
  52  4:42  Widow Mine x2  
  52  4:44  Marine  
  52  4:45  Factory Tech Lab  
  57  4:47  Armory  
  59  4:53  Widow Mine x2  
  61  5:02  Marine  
  61  5:03  Widow Mine  
  61  5:04  Widow Mine  
  61  5:06  Siege Tank  
  69  5:23  Refinery  
  69  5:24  SCV  
  69  5:25  SCV  
  69  5:26  Refinery  
  71  5:36  SCV  
  71  5:37  SCV  
  73  5:49  SCV x2  
  75  5:55  Missile Turret x3  
  75  6:01  SCV x2  
  77  6:04  Terran Vehicle And Ship Armor Level 1  
  77  6:10  Armory  
  77  6:13  SCV  
  78  6:20  Missile Turret  
  78  6:22  Missile Turret  
  78  6:24  Missile Turret  
  78  6:32  Supply Depot  
  78  6:33  Supply Depot  
  78  6:34  Supply Depot  
  78  6:35  Supply Depot  
  78  6:43  Starport  
  78  6:45  Missile Turret  
  85  6:54  Widow Mine x5, SCV  
  85  6:56  Supply Depot  
  89  7:07  Factory  
  89  7:08  Terran Ship Weapons Level 1  
  95  7:16  Widow Mine x4, Siege Tank  
  104  7:37  Widow Mine x3  
  104  7:43  Starport  
  100  7:46  Starport  
  100  7:49  Starport, Siege Tank  
  99  8:06  Factory Reactor  
  99  8:08  Widow Mine  
  99  8:09  Widow Mine x3  
  107  8:21  Widow Mine  
  107  8:22  Starport  
  109  8:29  Command Center  
  109  8:30  Widow Mine  
  111  8:35  Refinery x2  
  111  8:36  SCV  
  111  8:37  SCV  
  113  8:44  Widow Mine  
  113  8:45  Widow Mine x2, Siege Tank  
  113  8:46  Widow Mine  
  125  8:48  SCV  
  125  8:49  SCV  
  126  9:00  SCV  
  126  9:01  SCV  
  128  9:12  SCV  
  128  9:13  SCV  
  128  9:15  Missile Turret  
  130  9:19  Missile Turret  
  130  9:22  Missile Turret  
  128  9:24  SCV  
  128  9:25  SCV  
  126  9:35  Missile Turret  
  124  9:40  Missile Turret  
  122  9:48  Drilling Claws  
  122  9:51  Terran Vehicle And Ship Armor Level 2, Terran Ship Weapons Level 2  
  120  9:54  Starport Tech Lab  
  120  9:55  Starport Tech Lab x3  
  120  10:03  Starport Tech Lab  
  120  10:07  Widow Mine x3  
  120  10:08  Widow Mine x4  
  120  10:09  Starport  
  120  10:13  Planetary Fortress  
  132  10:21  SCV x2  
  132  10:28  Widow Mine  
  132  10:29  Widow Mine x6  
  132  10:33  SCV x2  
  146  10:45  SCV x2  
  150  10:50  Widow Mine  
  150  10:58  Widow Mine  
  150  10:59  Widow Mine x5  
  150  11:04  Starport Tech Lab  
  164  11:11  Widow Mine  
  164  11:14  SCV  
  165  11:27  Widow Mine x3, SCV x2  
  165  11:28  Command Center  
  165  11:29  Refinery  
  173  11:33  Supply Depot  
  173  11:34  Supply Depot  
  173  11:35  Supply Depot  
  173  11:46  Fusion Core  
  173  11:55  Widow Mine x3, SCV x3  
  173  11:56  Widow Mine x2  
  173  12:00  Supply Depot  
  186  12:07  SCV x3  
  165  12:19  SCV x2  
  161  12:32  SCV  
  161  12:36  Refinery  
  162  12:42  Battlecruiser x5  
  162  12:43  Battlecruiser  
  198  12:53  Terran Vehicle And Ship Armor Level 3  
  198  13:17  Planetary Fortress, Refinery  
  198  13:21  Command Center  
  198  13:26  Refinery  
  198  13:30  Siege Tank  
  199  14:02  Siege Tank  
  179  15:08  Battlecruiser x3  
  175  15:23  Battlecruiser  
  175  15:24  Battlecruiser  
  179  15:30  Terran Vehicle Weapons Level 1  
  161  16:07  Factory  
  161  16:10  Factory  
  161  16:12  Battlecruiser x3  
  161  16:16  Factory  
  179  16:19  Factory x2  
  179  16:28  Battlecruiser  
  185  16:37  Terran Infantry Weapons Level 1  
  185  16:41  Refinery  
  185  16:42  Battlecruiser  
  185  16:44  Command Center  
  185  16:45  Refinery  
  191  16:52  Factory  
  191  16:54  Siege Tank  
  192  17:00  Factory Reactor x2  
  192  17:02  Factory Reactor  
  192  17:04  Factory Reactor  
  192  17:26  Siege Tank  
  192  17:28  Terran Ship Weapons Level 3  
  192  17:44  Widow Mine x5  
  200  17:58  Widow Mine  
  196  18:20  Widow Mine  
  166  19:41  Widow Mine x8  
  166  19:42  Widow Mine x2  
  186  20:02  Widow Mine  
  186  20:03  Widow Mine x6  
  190  20:24  Widow Mine x3  
  190  20:25  Command Center  
  190  20:28  Refinery x2  
  196  20:30  Widow Mine  
  196  20:31  Widow Mine  
  200  20:53  Command Center  
  200  20:56  Unknown  
  200  21:24  Terran Vehicle Weapons Level 2  
  200  21:40  Planetary Fortress  
  184  22:36  Battlecruiser x2  
  196  22:41  Planetary Fortress  
  189  23:58  Battlecruiser  
  169  24:43  Battlecruiser x3  
  169  24:44  Battlecruiser  
  175  25:02  Battlecruiser  
  169  25:47  Battlecruiser x2  
  169  25:48  Battlecruiser x2  
  145  26:06  Battlecruiser  
  147  26:26  Command Center  
  147  26:30  Unknown  
  147  26:52  Battlecruiser x4  
  171  26:57  Starport  
  171  27:01  Starport x2  
  165  27:11  Battlecruiser  
  152  27:36  Starport Tech Lab  
  151  27:37  Starport Tech Lab  
  151  27:38  Starport Tech Lab  
  151  27:40  Starport  
  151  27:48  Widow Mine x3  
  151  27:49  Widow Mine x7  
  171  27:56  Battlecruiser  
  171  28:09  Widow Mine  
  171  28:10  Widow Mine x9  
  171  28:11  Supply Depot  
  171  28:12  Supply Depot  
  191  28:31  Widow Mine x4  
  199  28:35  Supply Depot  
  199  28:36  Supply Depot  
  199  28:53  Marine  
  200  28:59  Supply Depot  
  200  29:42  Command Center  
  200  29:46  Refinery  
  200  29:47  Refinery, Orbital Command  
  200  29:56  Factory Reactor  
  161  31:51  Orbital Command  
Tags
 
Add a new tag
Caveats
  • Supply blocks, unpowered buildings, or Contaminate may cause inaccurate times.
  • Supply counts are checked every 10 seconds.